cohdb
Replays
Latest Replays
All Replays
Popular Replays
Top Player Replays
Match Explorer
How It Works
Community
CoH3 Stats
Reddit
Sign in to upload your games and track your stats! →
Sign in with Steam
Match 44590710
Unlisted
Match 44590710
Overview
Messages
Build Orders
End
Construct Barracks
Scout Squad
Riflemen Squad
Selects Advanced Infantry Battlegroup
Riflemen Squad
M1 Mortar Team
Riflemen Squad
Infantry Support Center
Selects Convert to Ranger Squad
Construct Medical Station
Selects Ammunition Storage
Convert to Ranger Squad
Grenade Package
Construct Motor Pool
M8 Greyhound Armored Car
Selects M2A1 105mm Howitzer Emplacement
Selects Free Fire Drills
Engineer Squad
Selects Designate Assault Position
Selects Infantry Assault
M1 Anti-tank Gun Team
Advanced Logistics
M1 Anti-tank Gun Team
GloriousBastard
咚咚锵个腿
0
0
Comments
sign in to comment!
No comments posted yet!